 Dungeon Crawl Stone Soup version 0.26.1-2-gb8aa6d0cf2 (webtiles) character file.

Game seed: 632406679802001108

535 sleeves the Sneak (level 7, 0/32 HPs)
             Began as a Spriggan Hedge Wizard on Mar 20, 2021.
             Slain by a centaur (4 damage)
             ... on level 6 of the Dungeon.
             The game lasted 00:20:45 (10522 turns).

sleeves the Sneak (Spriggan Hedge Wizard)          Turns: 10522, Time: 00:20:45

Health: 0/32       AC:  2    Str:  6    XL:     7   Next: 4%
Magic:  14/16      EV: 18    Int: 18    God:
Gold:   198        SH:  0    Dex: 15    Spells: 11/17 levels left

rFire    . . .     SeeInvis +   a - +0 dagger
rCold    . . .     Faith    +   (shield restricted)
rNeg     . . .     Spirit   .   b - +0 robe
rPois    .         Reflect  .   c - +0 hat
rElec    .         Harm     .   (no cloak)
rCorr    .         Rampage  .   (gloves unavailable)
Will     +....                  (boots unavailable)
Stlth    +++.......             t - amulet of faith (curse)
HPRegen  0.10/turn              q - ring of wizardry
MPRegen  0.15/turn              (no ring)

@: attractive, very quick
A: very small, unfitting armour, see invisible, speed 3
a: no special abilities


You were on level 6 of the Dungeon.
You visited 2 branches of the dungeon, and saw 7 of its levels.

You collected 198 gold pieces.

Inventory:

Hand Weapons
 a - a +0 dagger (weapon)
 l - a +0 long sword
   (You found it on level 2 of the Dungeon)
Armour
 b - a +0 robe (worn)
 c - a +0 hat (worn)
Jewellery
 q - a ring of wizardry (left hand)
   (You found it on level 3 of the Dungeon)
 t - a cursed amulet of faith (around neck)
   (You found it on level 4 of the Dungeon)
 x - an uncursed amulet of guardian spirit
   (You found it on level 5 of the Dungeon)
Wands
 u - a wand of disintegration (12)
   (You found it on level 4 of the Dungeon)
 z - a wand of digging (3)
   (You took it off a centaur on level 5 of the Dungeon)
Scrolls
 h - a scroll of remove curse {unknown}
 m - 4 scrolls of fear {unknown}
 n - 3 scrolls of identify {unknown}
 o - a scroll of blinking {unknown}
 p - 2 scrolls of enchant weapon {unknown}
 s - a scroll of magic mapping {unknown}
 v - 2 scrolls of teleportation {unknown}
 w - a scroll of fog {unknown}
 y - a scroll of random uselessness {unknown}
Potions
 e - a potion of berserk rage {unknown}
 f - a potion of lignification {unknown}
 g - a potion of curing {unknown}
 i - a potion of brilliance {unknown}
 j - a potion of ambrosia {unknown}
 k - a potion of flight {unknown}
 r - 2 potions of haste {unknown}


   Skills:
 + Level 3.6 Short Blades
 - Level 3.0 Dodging
 + Level 6.1 Stealth
 + Level 5.8 Spellcasting
 - Level 0.6 Conjurations
 - Level 0.7 Summonings
 - Level 3.0 Translocations
 + Level 2.3 Air Magic
 + Level 3.1 Evocations


You had 11 spell levels left.
You knew the following spells:

 Your Spells              Type           Power        Failure   Level
a - Magic Dart            Conj           28%          4%          1
b - Blink                 Tloc           N/A          2%          2
c - Mephitic Cloud        Conj/Pois/Air  8%           10%         3

Your spell library contained the following spells:

 Spells                   Type           Power        Failure   Level
 Call Imp                 Summ           7%           6%          2
 Slow                     Hex            5%           8%          2
 Conjure Flame            Conj/Fire      6%           13%         3


Dungeon Overview and Level Annotations

Branches:
Dungeon (6/15)             Temple (1/1) D:5

Altars:
Ashenzari
Cheibriados
Dithmenos
Elyvilon
Makhleb
Nemelex Xobeh
Okawaru
Qazlal
Sif Muna
Trog
Vehumet
Wu Jian
Xom
Yredelemnul
Zin
The Shining One
Jiyva

Shops:
D:4 =

Annotations:
D:4 Prince Ribbit
D:5 Menkaure
D:6 3 runed translucent doors, axecop's ghost, novice NaDe; slughead422's ghost, novice GrFi


Innate Abilities, Weirdness & Mutations

You are very small and have problems with some larger weapons.
You are too small for most types of armour.
You have supernaturally acute eyesight. (SInv)
You cover ground extremely quickly.


Message History

(D) Dungeon
Where to? (Enter - D:5, ? - help)
There is a stone staircase leading down here.
You climb downwards.
An orc comes into view. It is wielding a +0 falchion.
The orc shouts!
A phantom comes into view.
Found a lumpy ruby amulet.
Found a stone staircase leading down.
There is a stone staircase leading up here.
There are monsters nearby!
There are monsters nearby!
The magic dart hits the orc.
The orc is moderately wounded.
The orc closely misses you.
The magic dart hits the orc but does no damage.
The orc is moderately wounded.
The orc hits you with a +0 falchion. The orc misses you.
You climb upwards.
There is a stone staircase leading down here.
The magic dart hits the orc.
The orc is severely wounded.
The orc barely misses you.
You miscast Magic Dart.
You are very lightly contaminated with residual magic.
Nothing appears to happen.
The orc hits you with a +0 falchion!
The magic dart hits the orc but does no damage.
The orc is severely wounded.
The orc closely misses you.
The magic dart hits the orc.
The orc is almost dead.
The magic dart hits the orc but does no damage.
The orc is almost dead.
The orc closely misses you.
The magic dart hits the orc but does no damage.
The orc is almost dead.
The orc misses you.
The magic dart hits the orc.
You kill the orc!
You can't see any susceptible monsters within range! (Use Z to cast anyway.)
You start resting.
Your magical contamination has completely faded away.
Things that are here:
a +0 falchion; a +0 leather armour; an orc corpse Magic restored.
HP restored.
Done exploring.
Done exploring.
Done exploring.
There is a stone staircase leading down, spattered with blood here.
There is a stone staircase leading down here.
Done exploring.
Done exploring.
You climb downwards.
There is a stone staircase leading up here.
A hound zombie is nearby!
A hound zombie is nearby!
A hound zombie is nearby!
The magic dart hits the hound zombie.
The hound zombie is lightly damaged.
The magic dart hits the hound zombie.
The hound zombie is moderately damaged.
The magic dart hits the hound zombie.
The hound zombie is moderately damaged.
The magic dart hits the hound zombie.
The hound zombie is moderately damaged.
The hound zombie closely misses you.
You miscast Magic Dart.
You are very lightly contaminated with residual magic.
Nothing appears to happen.
The hound zombie bites you but does no damage.
The magic dart hits the hound zombie.
The hound zombie is heavily damaged.
The hound zombie misses you. The hound zombie closely misses you.
The magic dart hits the hound zombie.
The hound zombie is heavily damaged.
The hound zombie barely misses you.
The magic dart hits the hound zombie.
The hound zombie is severely damaged.
The hound zombie closely misses you.
The magic dart hits the hound zombie.
The hound zombie is severely damaged.
The hound zombie barely misses you.
The magic dart hits the hound zombie.
The hound zombie is almost destroyed.
The hound zombie closely misses you. The hound zombie misses you.
The magic dart hits the hound zombie.
You destroy the hound zombie!
Your magical contamination has completely faded away.
Your Air Magic skill increases to level 2!
You can't see any susceptible monsters within range! (Use Z to cast anyway.)
You can't see any susceptible monsters within range! (Use Z to cast anyway.)
You start resting.
Magic restored.
You start waiting.
Found a hand axe.
Found 2 atropa-tipped darts.
Menkaure, Prince of Dust comes into view.
Menkaure moves out of view.
Menkaure is nearby!
Menkaure is nearby!
Menkaure is nearby!
Menkaure is nearby!
Okay, then.
A jelly comes into view.
A jelly is nearby!
A jelly is nearby!
The magic dart hits the jelly.
The jelly is lightly wounded.
The jelly quivers.
The magic dart hits the jelly.
The jelly is moderately wounded.
The magic dart hits the jelly.
The jelly is moderately wounded.
The magic dart hits the jelly.
The jelly is heavily wounded.
The magic dart hits the jelly.
The jelly is heavily wounded.
The magic dart hits the jelly.
The jelly is severely wounded.
The magic dart hits the jelly.
The jelly is almost dead.
The jelly completely misses you.
You miscast Magic Dart.
You are very lightly contaminated with residual magic.
Nothing appears to happen.
The jelly closely misses you.
The magic dart hits the jelly.
You kill the jelly!
Your magical contamination has completely faded away.
Magic restored.
Found a stone staircase leading down.
A howler monkey skeleton comes into view.
A howler monkey skeleton is nearby!
The magic dart hits the howler monkey skeleton.
The howler monkey skeleton is lightly damaged.
The magic dart hits the howler monkey skeleton.
The howler monkey skeleton is moderately damaged.
The magic dart hits the howler monkey skeleton.
The howler monkey skeleton is heavily damaged.
The magic dart hits the howler monkey skeleton.
The howler monkey skeleton is heavily damaged.
The magic dart hits the howler monkey skeleton.
The howler monkey skeleton is severely damaged.
The howler monkey skeleton closely misses you.
The magic dart hits the howler monkey skeleton.
The howler monkey skeleton is severely damaged.
The howler monkey skeleton barely misses you.
The magic dart hits the howler monkey skeleton.
The howler monkey skeleton is almost destroyed.
The howler monkey skeleton barely misses you.
You miscast Magic Dart.
You are very lightly contaminated with residual magic.
Nothing appears to happen.
The howler monkey skeleton closely misses you.
The magic dart hits the howler monkey skeleton.
You destroy the howler monkey skeleton!
You can't see any susceptible monsters within range! (Use Z to cast anyway.)
Your magical contamination has completely faded away.
Found a tower shield.
Found a stone staircase leading up.
Found a stone staircase leading down.
There is a stone staircase leading down here.
x - a lumpy ruby amulet You start putting on your amulet.
You continue putting on your lumpy ruby amulet. x5
You finish putting on your uncursed amulet of guardian spirit.
You feel your power drawn to a protective spirit.
x - an amulet of guardian spirit (around neck)
You start removing your amulet.
You continue taking off your amulet of guardian spirit. x4
You finish taking off your amulet of guardian spirit.
You start putting on your amulet.
You continue putting on your large malachite amulet. x5
You finish putting on your cursed amulet of faith.
You feel a strange surge of divine interest.
Oops, that amulet feels deathly cold.
t - a cursed amulet of faith (around neck)
q - a ring of wizardry (left hand)
Found a shimmering blue altar of Sif Muna.
Found an escape hatch in the floor.
A ball python zombie comes into view.
A ball python zombie is nearby!
Okay, then.
The magic dart hits the ball python zombie.
The ball python zombie is moderately damaged.
The magic dart hits the ball python zombie.
The ball python zombie is moderately damaged.
The magic dart hits the ball python zombie.
The ball python zombie is severely damaged.
The magic dart hits the ball python zombie.
The ball python zombie is almost destroyed.
The magic dart hits the ball python zombie.
You destroy the ball python zombie!
You can't see any susceptible monsters within range! (Use Z to cast anyway.)
You can't see any susceptible monsters within range! (Use Z to cast anyway.)
Okay, then.
You start resting.
Magic restored.
Okay, then.
Okay, then.
There is a stone staircase leading down here.
Found a leather armour.
A centaur comes into view.
A centaur is nearby!
A centaur is nearby!
Casting: Magic Dart (safe; 4% risk of failure)
Confirm with . or Enter, or press ? or * to list all spells.
The spell is quite dangerous to cast (11% risk of failure)!
Continue anyway?
Okay, then.
A centaur is nearby!
A phantom is nearby!
A phantom is nearby!
The magic dart hits the phantom.
The phantom is lightly damaged.
There is a stone staircase leading up here.
A phantom is nearby!
The magic dart hits the phantom.
The phantom is lightly damaged.
The magic dart hits the phantom.
The phantom is lightly damaged.
The phantom blinks!
The magic dart hits the phantom but does no damage.
The phantom is lightly damaged.
The magic dart hits the phantom.
The phantom is lightly damaged.
The phantom completely misses you.
You climb upwards.
There is a stone staircase leading down, spattered with blood here.
The magic dart hits the phantom.
The phantom is moderately damaged.
The phantom closely misses you.
The magic dart hits the phantom but does no damage.
The phantom is moderately damaged.
The phantom completely misses you.
The magic dart hits the phantom.
The phantom is moderately damaged.
The phantom hits you!
The magic dart hits the phantom.
The phantom is moderately damaged.
The phantom hits you but does no damage.
The magic dart hits the phantom.
The phantom is moderately damaged.
The phantom hits you.
You are too injured to fight recklessly!
The phantom blinks!
Casting: Magic Dart (safe; 4% risk of failure)
Confirm with . or Enter, or press ? or * to list all spells.
You can't see any susceptible monsters within range! (Use Z to cast anyway.) Unknown command.
Casting: Magic Dart (safe; 4% risk of failure)
Confirm with . or Enter, or press ? or * to list all spells.
Aiming: Magic Dart (safe; 4% risk of failure)
Press: ? - help, Shift-Dir - straight line, f/p - phantom
Aim: a phantom (moderately damaged, 0% to evade)
The magic dart hits the phantom but does no damage.
The phantom is moderately damaged.
Casting: Magic Dart (safe; 4% risk of failure)
Confirm with . or Enter, or press ? or * to list all spells.
Aiming: Magic Dart (safe; 4% risk of failure)
Press: ? - help, Shift-Dir - straight line, f/p - phantom
Aim: a phantom (moderately damaged, 0% to evade)
The magic dart hits the phantom.
The phantom is moderately damaged.
Casting: Magic Dart (safe; 4% risk of failure)
Confirm with . or Enter, or press ? or * to list all spells.
Aiming: Magic Dart (safe; 4% risk of failure)
Press: ? - help, Shift-Dir - straight line, f/p - phantom
Aim: a phantom (moderately damaged, 0% to evade)
The magic dart hits the phantom.
The phantom is heavily damaged.
Casting: Magic Dart (safe; 4% risk of failure)
Confirm with . or Enter, or press ? or * to list all spells.
Aiming: Magic Dart (safe; 4% risk of failure)
Press: ? - help, Shift-Dir - straight line, f/p - phantom
Aim: a phantom (heavily damaged, 0% to evade)
The magic dart hits the phantom.
The phantom is heavily damaged.
The phantom blinks!
Casting: Magic Dart (safe; 4% risk of failure)
Confirm with . or Enter, or press ? or * to list all spells.
Aiming: Magic Dart (safe; 4% risk of failure)
Press: ? - help, Shift-Dir - straight line, f/p - phantom
Aim: a phantom (heavily damaged, 0% to evade)
The magic dart hits the phantom.
The phantom is heavily damaged.
Casting: Magic Dart (safe; 4% risk of failure)
Confirm with . or Enter, or press ? or * to list all spells.
Aiming: Magic Dart (safe; 4% risk of failure)
Press: ? - help, Shift-Dir - straight line, f/p - phantom
Aim: a phantom (heavily damaged, 0% to evade)
The magic dart hits the phantom.
The phantom is heavily damaged.
* * * LOW MAGIC WARNING * * *
Casting: Magic Dart (safe; 4% risk of failure)
Confirm with . or Enter, or press ? or * to list all spells.
Aiming: Magic Dart (safe; 4% risk of failure)
Press: ? - help, Shift-Dir - straight line, f/p - phantom
Aim: a phantom (heavily damaged, 0% to evade)
The magic dart hits the phantom but does no damage.
The phantom is heavily damaged.
* * * LOW MAGIC WARNING * * *
Casting: Magic Dart (safe; 4% risk of failure)
Confirm with . or Enter, or press ? or * to list all spells.
Aiming: Magic Dart (safe; 4% risk of failure)
Press: ? - help, Shift-Dir - straight line, f/p - phantom
Aim: a phantom (heavily damaged, 0% to evade)
The magic dart hits the phantom but does no damage.
The phantom is heavily damaged.
* * * LOW MAGIC WARNING * * *
Casting: Magic Dart (safe; 4% risk of failure)
Confirm with . or Enter, or press ? or * to list all spells.
You don't know that spell.
Things that are here:
a +0 ring mail; a +0 hand axe; an orc skeleton You start resting.
A worker ant is nearby!
You start resting.
A worker ant is nearby!
The magic dart hits the worker ant.
The worker ant is lightly wounded.
The magic dart hits the worker ant but does no damage.
The worker ant is lightly wounded.
You miscast Magic Dart.
You are very lightly contaminated with residual magic.
Nothing appears to happen.
The magic dart hits the worker ant.
The worker ant is lightly wounded.
The magic dart hits the worker ant but does no damage.
The worker ant is lightly wounded.
Your magical contamination has completely faded away.
You can't see any susceptible monsters within range! (Use Z to cast anyway.)
The magic dart hits the worker ant but does no damage.
The worker ant is lightly wounded.
The magic dart hits the worker ant but does no damage.
The worker ant is lightly wounded.
The magic dart hits the worker ant.
The worker ant is moderately wounded.
The magic dart hits the worker ant but does no damage.
The worker ant is moderately wounded.
The magic dart hits the worker ant.
The worker ant is heavily wounded.
The worker ant misses you.
You see here a +0 halberd.
You miscast Magic Dart.
You are very lightly contaminated with residual magic.
Nothing appears to happen.
The magic dart hits the worker ant.
The worker ant is severely wounded.
Your magical contamination has completely faded away.
The magic dart hits the worker ant.
The worker ant is severely wounded.
The magic dart hits the worker ant but does no damage.
The worker ant is severely wounded.
The magic dart hits the worker ant but does no damage.
The worker ant is severely wounded.
Things that are here:
a +0 scale mail; a +0 halberd You miscast Magic Dart.
You are very lightly contaminated with residual magic.
Nothing appears to happen.
The worker ant closely misses you.
The magic dart hits the worker ant but does no damage.
The worker ant is severely wounded.
The worker ant misses you.
The magic dart hits the worker ant but does no damage.
The worker ant is severely wounded.
* * * LOW MAGIC WARNING * * *
The magic dart hits the worker ant.
The worker ant is severely wounded.
* * * LOW MAGIC WARNING * * *
The worker ant completely misses you.
Your magical contamination has completely faded away.
The magic dart hits the worker ant.
The worker ant is almost dead.
* * * LOW MAGIC WARNING * * *
The worker ant bites you.
The magic dart hits the worker ant but does no damage.
The worker ant is almost dead.
* * * LOW MAGIC WARNING * * *
The worker ant misses you.
You are too depleted to draw on your mana recklessly!
You are too depleted to draw on your mana recklessly!
Things that are here:
a +0 ring mail; a +0 club
There is an open door here.
The magic dart hits the worker ant but does no damage.
The worker ant is almost dead.
* * * LOW MAGIC WARNING * * *
The worker ant waves its antennae.
You barely miss the worker ant.
The worker ant is almost dead.
The worker ant bites you.
You hit the worker ant but do no damage.
The worker ant is almost dead.
The worker ant misses you.
Things that are here:
a +0 dagger; a +0 club The magic dart hits the worker ant.
The worker ant is almost dead.
* * * LOW MAGIC WARNING * * *
There is an open door here.
The magic dart hits the worker ant.
You kill the worker ant!
* * * LOW MAGIC WARNING * * *
You are too depleted to draw on your mana recklessly!
HP restored.
Key pressed, stopping explore.
Magic restored.
Done exploring.
Done exploring.
Done exploring.
Done exploring.
(D) Dungeon
Where to? (Enter - D:4 @ (x,y), ? - help)
There is a stone staircase leading down here.
You climb downwards.
Level annotation: Menkaure
There is a stone staircase leading up here.
y - a scroll labelled XOCEME BOKOB An orc and a zombie come into view.
There are monsters nearby!
The magic dart hits the quokka zombie.
The quokka zombie is moderately damaged.
The magic dart hits the quokka zombie.
The quokka zombie is severely damaged.
The magic dart hits the quokka zombie.
The quokka zombie is almost destroyed.
The magic dart hits the quokka zombie.
The quokka zombie is almost destroyed.
The magic dart hits the quokka zombie.
You destroy the quokka zombie!
You can't see any susceptible monsters within range! (Use Z to cast anyway.) Magic restored.
An orc is nearby!
An orc is nearby!
Prince Ribbit comes into view.
An orc comes into view. It is wielding a +0 trident.
The orc shouts!
The centaur shouts!
You hear a shout!
The centaur unwields a +0 war axe.
The centaur wields a +0 shortbow.
The centaur shoots an arrow.
The arrow hits you!
An orc comes into view. It is wielding a +0 whip.
Found a staircase to the Ecumenical Temple.
You see here an arrow.
Prince Ribbit gives a loud, deep croak!
You hear a zap.
You hear a grinding noise.
You hear a zap.
You hear a grinding noise.
There is a stone staircase leading up here.
You start resting.
There are monsters nearby!
The magic dart hits the orc.
The orc is lightly wounded.
The magic dart hits the orc.
The orc is heavily wounded.
The magic dart hits the orc.
The orc is almost dead.
The magic dart hits the orc.
You kill the orc!
The orc throws a boomerang.
The boomerang closely misses you.
The weapon returns to the orc!
The magic dart hits the orc.
The orc is severely wounded.
The orc throws a boomerang.
The boomerang completely misses you.
The weapon returns to the orc!
The magic dart hits the orc.
You kill the orc!
The magic dart hits the orc.
The orc is heavily wounded.
The magic dart hits the orc but does no damage.
The orc is heavily wounded.
The orc misses you.
The magic dart hits the orc.
You kill the orc!
You can't see any susceptible monsters within range! (Use Z to cast anyway.)
You start resting.
HP restored.
You climb upwards.
There is a stone staircase leading down, spattered with blood here.
You start resting.
Magic restored.
You climb downwards.
Level annotation: Menkaure, Prince Ribbit
There is a stone staircase leading up here.
Items here: )) [ †.
Things that are here:
5 boomerangs; a +0 whip Prince Ribbit is nearby!
The magic dart hits Prince Ribbit.
Prince Ribbit is lightly wounded.
Prince Ribbit croaks.
You hear a shout!
The centaur zaps a wand.
You hear a grinding noise.
Prince Ribbit blinks!
You hear a zap.
You hear a grinding noise.
Things that are here:
5 boomerangs; a +0 whip
Items here: )) [ †.
There is a stone staircase leading up here.
The magic dart hits Prince Ribbit.
Prince Ribbit is lightly wounded.
The magic dart hits Prince Ribbit.
Prince Ribbit is lightly wounded.
The magic dart hits Prince Ribbit.
Prince Ribbit is lightly wounded.
The magic dart hits Prince Ribbit.
Prince Ribbit is lightly wounded.
Prince Ribbit hits you!
Ouch! That really hurt!
* * * LOW HITPOINT WARNING * * *
You climb upwards.
There is a stone staircase leading down, spattered with blood here.
Prince Ribbit blinks!
Prince Ribbit blinks!
Prince Ribbit blinks!
The phantom blinks!
The phantom blinks!
There is a stone staircase leading up here.
You start resting.
Magic restored.
A phantom is nearby!
A phantom is nearby!
You are too injured to fight recklessly!
Casting: Magic Dart (safe; 4% risk of failure)
Confirm with . or Enter, or press ? or * to list all spells.
Aiming: Magic Dart (safe; 4% risk of failure)
Press: ? - help, Shift-Dir - straight line, f - phantom
Aim: a phantom (0% to evade)
The magic dart hits the phantom.
The phantom is lightly damaged.
The phantom blinks!
Casting: Magic Dart (safe; 4% risk of failure)
Confirm with . or Enter, or press ? or * to list all spells.
You don't know that spell.
You start resting.
A phantom is nearby!
A phantom is nearby!
Casting: Magic Dart (safe; 4% risk of failure)
Confirm with . or Enter, or press ? or * to list all spells.
Aiming: Magic Dart (safe; 4% risk of failure)
Press: ? - help, Shift-Dir - straight line, f/p - phantom
Aim: a phantom (lightly damaged, 0% to evade)
The magic dart hits the phantom but does no damage.
The phantom is lightly damaged.
Casting: Magic Dart (safe; 4% risk of failure)
Confirm with . or Enter, or press ? or * to list all spells.
Aiming: Magic Dart (safe; 4% risk of failure)
Press: ? - help, Shift-Dir - straight line, f/p - phantom
Aim: a phantom (lightly damaged, 0% to evade)
You miscast Magic Dart.
You are very lightly contaminated with residual magic.
Nothing appears to happen.
Casting: Magic Dart (safe; 4% risk of failure)
Confirm with . or Enter, or press ? or * to list all spells.
Aiming: Magic Dart (safe; 4% risk of failure)
Press: ? - help, Shift-Dir - straight line, f/p - phantom
Aim: a phantom (lightly damaged, 0% to evade)
The magic dart hits the phantom.
The phantom is lightly damaged.
Casting: Magic Dart (safe; 4% risk of failure)
Confirm with . or Enter, or press ? or * to list all spells.
Aiming: Magic Dart (safe; 4% risk of failure)
Press: ? - help, Shift-Dir - straight line, f/p - phantom
Aim: a phantom (lightly damaged, 0% to evade)
The magic dart hits the phantom.
The phantom is lightly damaged.
The phantom closely misses you.
You climb upwards.
There is a stone staircase leading down here.
The phantom blinks!
The phantom blinks!
Your magical contamination has completely faded away.
Casting: Magic Dart (safe; 4% risk of failure)
Confirm with . or Enter, or press ? or * to list all spells.
Aiming: Magic Dart (safe; 4% risk of failure)
Press: ? - help, Shift-Dir - straight line, f - phantom
Aim: a phantom (lightly damaged, 0% to evade)
The magic dart hits the phantom.
The phantom is lightly damaged.
Casting: Magic Dart (safe; 4% risk of failure)
Confirm with . or Enter, or press ? or * to list all spells.
Aiming: Magic Dart (safe; 4% risk of failure)
Press: ? - help, Shift-Dir - straight line, f/p - phantom
Aim: a phantom (lightly damaged, 0% to evade)
The magic dart hits the phantom.
The phantom is lightly damaged.
Casting: Magic Dart (safe; 4% risk of failure)
Confirm with . or Enter, or press ? or * to list all spells.
Aiming: Magic Dart (safe; 4% risk of failure)
Press: ? - help, Shift-Dir - straight line, f/p - phantom
Aim: a phantom (lightly damaged, 0% to evade)
The magic dart hits the phantom.
The phantom is moderately damaged.
Casting: Magic Dart (safe; 4% risk of failure)
Confirm with . or Enter, or press ? or * to list all spells.
Aiming: Magic Dart (safe; 4% risk of failure)
Press: ? - help, Shift-Dir - straight line, f/p - phantom
Aim: a phantom (moderately damaged, 0% to evade)
The magic dart hits the phantom but does no damage.
The phantom is moderately damaged.
Casting: Magic Dart (safe; 4% risk of failure)
Confirm with . or Enter, or press ? or * to list all spells.
Aiming: Magic Dart (safe; 4% risk of failure)
Press: ? - help, Shift-Dir - straight line, f/p - phantom
Aim: a phantom (moderately damaged, 0% to evade)
The magic dart hits the phantom.
The phantom is moderately damaged.
Casting: Magic Dart (safe; 4% risk of failure)
Confirm with . or Enter, or press ? or * to list all spells.
Aiming: Magic Dart (safe; 4% risk of failure)
Press: ? - help, Shift-Dir - straight line, f/p - phantom
Aim: a phantom (moderately damaged, 0% to evade)
The magic dart hits the phantom but does no damage.
The phantom is moderately damaged.
Casting: Magic Dart (safe; 4% risk of failure)
Confirm with . or Enter, or press ? or * to list all spells.
Aiming: Magic Dart (safe; 4% risk of failure)
Press: ? - help, Shift-Dir - straight line, f/p - phantom
Aim: a phantom (moderately damaged, 0% to evade)
The magic dart hits the phantom.
The phantom is moderately damaged.
The phantom blinks!
Casting: Magic Dart (safe; 4% risk of failure)
Confirm with . or Enter, or press ? or * to list all spells.
Aiming: Magic Dart (safe; 4% risk of failure)
Press: ? - help, Shift-Dir - straight line, f/p - phantom
Aim: a phantom (moderately damaged, 0% to evade)
The magic dart hits the phantom.
The phantom is moderately damaged.
The phantom blinks!
Casting: Magic Dart (safe; 4% risk of failure)
Confirm with . or Enter, or press ? or * to list all spells.
Aiming: Magic Dart (safe; 4% risk of failure)
Press: ? - help, Shift-Dir - straight line, f/p - phantom
Aim: a phantom (moderately damaged, 0% to evade)
The magic dart hits the phantom but does no damage.
The phantom is moderately damaged.
Casting: Magic Dart (safe; 4% risk of failure)
Confirm with . or Enter, or press ? or * to list all spells.
Aiming: Magic Dart (safe; 4% risk of failure)
Press: ? - help, Shift-Dir - straight line, f/p - phantom
Aim: a phantom (moderately damaged, 0% to evade)
The magic dart hits the phantom.
The phantom is moderately damaged.
Casting: Magic Dart (safe; 4% risk of failure)
Confirm with . or Enter, or press ? or * to list all spells.
Aiming: Magic Dart (safe; 4% risk of failure)
Press: ? - help, Shift-Dir - straight line, f/p - phantom
Aim: a phantom (moderately damaged, 0% to evade)
The magic dart hits the phantom but does no damage.
The phantom is moderately damaged.
The phantom blinks!
Casting: Magic Dart (safe; 4% risk of failure)
Confirm with . or Enter, or press ? or * to list all spells.
Aiming: Magic Dart (safe; 4% risk of failure)
Press: ? - help, Shift-Dir - straight line, f/p - phantom
Aim: a phantom (moderately damaged, 0% to evade)
The magic dart hits the phantom.
The phantom is moderately damaged.
Casting: Magic Dart (safe; 4% risk of failure)
Confirm with . or Enter, or press ? or * to list all spells.
Aiming: Magic Dart (safe; 4% risk of failure)
Press: ? - help, Shift-Dir - straight line, f/p - phantom
Aim: a phantom (moderately damaged, 0% to evade)
The magic dart hits the phantom.
The phantom is heavily damaged.
Casting: Magic Dart (safe; 4% risk of failure)
Confirm with . or Enter, or press ? or * to list all spells.
Aiming: Magic Dart (safe; 4% risk of failure)
Press: ? - help, Shift-Dir - straight line, f/p - phantom
Aim: a phantom (heavily damaged, 0% to evade)
The magic dart hits the phantom.
The phantom is heavily damaged.
* * * LOW MAGIC WARNING * * *
Casting: Magic Dart (safe; 4% risk of failure)
Confirm with . or Enter, or press ? or * to list all spells.
Aiming: Magic Dart (safe; 4% risk of failure)
Press: ? - help, Shift-Dir - straight line, f/p - phantom
Aim: a phantom (heavily damaged, 0% to evade)
The magic dart hits the phantom but does no damage.
The phantom is heavily damaged.
* * * LOW MAGIC WARNING * * *
Casting: Magic Dart (safe; 4% risk of failure)
Confirm with . or Enter, or press ? or * to list all spells.
Aiming: Magic Dart (safe; 4% risk of failure)
Press: ? - help, Shift-Dir - straight line, f/p - phantom
Aim: a phantom (moderately damaged, 0% to evade)
The magic dart hits the phantom but does no damage.
The phantom is moderately damaged.
* * * LOW MAGIC WARNING * * *
Casting: Magic Dart (safe; 4% risk of failure)
Confirm with . or Enter, or press ? or * to list all spells.
Aiming: Magic Dart (safe; 4% risk of failure)
Press: ? - help, Shift-Dir - straight line, f/p - phantom
Aim: a phantom (moderately damaged, 0% to evade)
The magic dart hits the phantom but does no damage.
The phantom is moderately damaged.
* * * LOW MAGIC WARNING * * *
Casting: Magic Dart (safe; 4% risk of failure)
Confirm with . or Enter, or press ? or * to list all spells.
Aiming: Magic Dart (safe; 4% risk of failure)
Press: ? - help, Shift-Dir - straight line, f/p - phantom
Aim: a phantom (moderately damaged, 0% to evade)
The magic dart hits the phantom.
The phantom is heavily damaged.
* * * LOW MAGIC WARNING * * *
Casting: Magic Dart (safe; 4% risk of failure)
Confirm with . or Enter, or press ? or * to list all spells.
You don't have enough magic to cast that spell.
Unknown command.
The phantom blinks!
The phantom blinks!
Casting: Magic Dart (safe; 4% risk of failure)
Confirm with . or Enter, or press ? or * to list all spells.
Aiming: Magic Dart (safe; 4% risk of failure)
Press: ? - help, Shift-Dir - straight line, f/p - phantom
Aim: a phantom (moderately damaged, 0% to evade)
The magic dart hits the phantom but does no damage.
The phantom is moderately damaged.
Casting: Magic Dart (safe; 4% risk of failure)
Confirm with . or Enter, or press ? or * to list all spells.
Aiming: Magic Dart (safe; 4% risk of failure)
Press: ? - help, Shift-Dir - straight line, f/p - phantom
Aim: a phantom (moderately damaged, 0% to evade)
The magic dart hits the phantom.
The phantom is moderately damaged.
* * * LOW MAGIC WARNING * * *
The phantom hits you.
The phantom blinks!
Casting: Magic Dart (safe; 4% risk of failure)
Confirm with . or Enter, or press ? or * to list all spells.
Aiming: Magic Dart (safe; 4% risk of failure)
Press: ? - help, Shift-Dir - straight line, f/p - phantom
Aim: a phantom (moderately damaged, 0% to evade)
The magic dart hits the phantom.
The phantom is moderately damaged.
* * * LOW MAGIC WARNING * * *
Casting: Magic Dart (safe; 4% risk of failure)
Confirm with . or Enter, or press ? or * to list all spells.
Aiming: Magic Dart (safe; 4% risk of failure)
Press: ? - help, Shift-Dir - straight line, f/p - phantom
Aim: a phantom (moderately damaged, 0% to evade)
The magic dart hits the phantom but does no damage.
The phantom is moderately damaged.
* * * LOW MAGIC WARNING * * *
Casting: Magic Dart (safe; 4% risk of failure)
Confirm with . or Enter, or press ? or * to list all spells.
Aiming: Magic Dart (safe; 4% risk of failure)
Press: ? - help, Shift-Dir - straight line, f/p - phantom
Aim: a phantom (moderately damaged, 0% to evade)
The magic dart hits the phantom.
The phantom is moderately damaged.
* * * LOW MAGIC WARNING * * *
The phantom blinks!
You start resting.
HP restored.
You start resting.
Magic restored.
There is a stone staircase leading down here.
You climb downwards.
Level annotation: Prince Ribbit
There is a stone staircase leading up here.
Done exploring.
Done exploring.
Done exploring.
(D) Dungeon (T) Temple
Where to? (Enter - D:3 @ (x,y), ? - help)
There is a stone staircase leading down here.
You climb downwards.
Level annotation: Menkaure
There is a stone staircase leading up here.
Found 10 bolts.
You see here 10 bolts.
Found 11 bolts.
You now have 180 gold pieces (gained 5).
A centaur is nearby!
The centaur shouts!
The centaur unwields a +0 shortbow.
The centaur wields a +0 war axe.
The centaur hits you with a +0 war axe!
Casting: Magic Dart (safe; 4% risk of failure)
Confirm with . or Enter, or press ? or * to list all spells.
The spell is quite dangerous to cast (11% risk of failure)!
Continue anyway?
Aiming: Mephitic Cloud (quite dangerous; 11% risk of failure)
Press: ? - help, Shift-Dir - straight line The ball explodes into a vile cloud!
The stinking cloud engulfs the centaur but does no damage.
The centaur closely misses you.
Casting: Mephitic Cloud (quite dangerous; 11% risk of failure)
Confirm with . or Enter, or press ? or * to list all spells.
The spell is quite dangerous to cast (11% risk of failure)!
Continue anyway?
Aiming: Mephitic Cloud (quite dangerous; 11% risk of failure)
Press: ? - help, Shift-Dir - straight line, f - centaur
Aim: a centaur, wielding a +0 war axe, quivering 14 arrows and carrying a wand of digging (3) That beam is likely to hit you.
Continue anyway? [Y]es or [N]o only, please.
That beam is likely to hit you.
Continue anyway? [Y]es or [N]o only, please.
That beam is likely to hit you.
Continue anyway?
The ball explodes into a vile cloud!
The stinking cloud engulfs the centaur but does no damage.
The stinking cloud engulfs you but does no damage.
The centaur is engulfed in noxious fumes.
The centaur appears confused.
You hit the centaur but do no damage.
The centaur is lightly wounded.
The centaur is engulfed in noxious fumes.
The centaur appears confused.
The centaur is engulfed in noxious fumes.
The centaur appears confused.
The centaur is engulfed in noxious fumes.
The centaur appears confused.
You hit the centaur but do no damage.
The centaur is lightly wounded.
You hit the centaur but do no damage.
The centaur is lightly wounded.
The centaur gestures wildly.
The centaur completely misses you.
You hit the centaur but do no damage.
The centaur is lightly wounded.
The centaur shouts, "What's happening?!"
The centaur misses you.
You hit the centaur but do no damage.
The centaur is lightly wounded.
The centaur misses you.
You hit the centaur but do no damage.
The centaur is lightly wounded.
The centaur hits you with a +0 war axe!
* * * LOW HITPOINT WARNING * * *
You catch the helpless centaur completely off-guard!
You puncture the centaur!
The centaur is severely wounded.
The centaur misses you.
You catch the helpless centaur completely off-guard!
You impale the centaur!!
You kill the centaur!
Your Stealth skill increases to level 6!
Your Evocations skill increases to level 3!
You have reached level 7!
z - a wand of digging (3)
p - 2 scrolls labelled BIZOAN ARGHAERCH (gained 1)
Items here: ( )) †.
There is a staircase to the Ecumenical Temple here.
You climb downwards.
Welcome to the Ecumenical Temple!
Found four altars.
There is a staircase back to the Dungeon here.
Magic restored.
HP restored.
Found a viscous altar of Jiyva and a burning altar of Makhleb.
Found a radiant altar of Vehumet and a viscous altar of Jiyva.
Found a glowing silver altar of Zin.
There is a staircase back to the Dungeon here.
Found two viscous altars of Jiyva.
Found a stormy altar of Qazlal and a white marble altar of Elyvilon.
Found a glowing golden altar of the Shining One.
There is a glowing golden altar of the Shining One here.
Key pressed, stopping explore.
There is a staircase back to the Dungeon here.
Key pressed, stopping explore.
Done exploring.
Done exploring.
Done exploring.
Done exploring.
Done exploring.
Done exploring.
Done exploring.
Done exploring.
Done exploring.
Done exploring.
Done exploring.
Done exploring.
Done exploring.
Done exploring.
Done exploring.
(D) Dungeon (T) Temple
Where to? (Enter - D:5, ? - help)
There is a staircase back to the Dungeon here.
You climb upwards.
Welcome back to the Dungeon!
Level annotation: Menkaure
There is a staircase to the Ecumenical Temple here.
Done exploring.
Done exploring.
Done exploring.
Done exploring.
(D) Dungeon (T) Temple
Where to? (Enter - D:5, ? - help) Menkaure is nearby!
Menkaure is nearby!
Menkaure casts a spell.
Menkaure seems to speed up.
There is a stone staircase leading down here.
You climb downwards.
There is a stone staircase leading up here.
Found a dyed leather armour.
A giant cockroach comes into view.
Found 3 boomerangs.
A giant cockroach is nearby!
A giant cockroach is nearby!
The magic dart hits the giant cockroach.
The giant cockroach is severely wounded.
The magic dart hits the giant cockroach but does no damage.
The giant cockroach is severely wounded.
The magic dart hits the giant cockroach.
The giant cockroach is almost dead.
You can't see any susceptible monsters within range! (Use Z to cast anyway.)
You barely miss the giant cockroach.
The giant cockroach is almost dead.
The giant cockroach bites you but does no damage.
You closely miss the giant cockroach.
The giant cockroach is almost dead.
The giant cockroach completely misses you.
You barely miss the giant cockroach.
The giant cockroach is almost dead.
The giant cockroach closely misses you.
You closely miss the giant cockroach.
The giant cockroach is almost dead.
The giant cockroach closely misses you.
You closely miss the giant cockroach.
The giant cockroach is almost dead.
The giant cockroach bites you but does no damage.
You hit the giant cockroach but do no damage.
The giant cockroach is almost dead.
The giant cockroach bites you but does no damage.
You hit the giant cockroach.
You kill the giant cockroach!
You see here a dyed leather armour.
Axecop's ghost turns its malevolent gaze towards you.
Axecop's ghost says very slowly, "There's no hope."
Found an orange potion and 15 gold pieces.
You now have 198 gold pieces (gained 18).
There are no items here.
Axecop's ghost hits the withered plant!
The withered plant begins to crumble.
Axecop's ghost hits the withered plant.
Magic restored.
Slughead422's ghost turns its malevolent gaze towards you.
Axecop's ghost hits the withered plant!
Axecop's ghost shrieks, "I have seen your future, and it is all used up."
Axecop's ghost hits the withered plant.
Axecop's ghost hits the withered plant!
The withered plant crumbles away.
A centaur comes into view.
A centaur is nearby!
A centaur is nearby!
The centaur shouts!
The centaur wields a +0 shortbow.
The centaur shoots an arrow.
The arrow hits you!
You see here an arrow.
Casting: Magic Dart (safe; 4% risk of failure)
Confirm with . or Enter, or press ? or * to list all spells.
The spell is quite dangerous to cast (10% risk of failure)!
Continue anyway?
Aiming: Mephitic Cloud (quite dangerous; 10% risk of failure)
Press: ? - help, Shift-Dir - straight line, f - centaur
Aim: a centaur, wielding a +0 shortbow and quivering 19 arrows The ball explodes into a vile cloud!
The stinking cloud engulfs the centaur but does no damage.
The centaur is engulfed in noxious fumes.
The centaur shoots an arrow.
The arrow hits you!
* * * LOW HITPOINT WARNING * * *
Casting: Mephitic Cloud (quite dangerous; 10% risk of failure)
Confirm with . or Enter, or press ? or * to list all spells.
The spell is quite dangerous to cast (10% risk of failure)!
Continue anyway?
Okay, then.
The centaur is engulfed in noxious fumes.
The centaur shoots an arrow.
The arrow hits you!
* * * LOW HITPOINT WARNING * * *
You see here an arrow.
It was a potion of attraction.
You feel attractive to monsters.
The centaur is engulfed in noxious fumes.
The centaur appears confused.
The centaur laughs at nothing.
You hit the centaur.
The centaur is lightly wounded.
The centaur is engulfed in noxious fumes.
The centaur appears confused.
The centaur is engulfed in noxious fumes.
The centaur is pulled toward you!
You hit the centaur but do no damage.
The centaur is moderately wounded.
You hit the centaur but do no damage.
The centaur is moderately wounded.
The centaur unwields a +0 shortbow.
The centaur completely misses you.
You hit the centaur.
The centaur is moderately wounded.
The centaur barely misses you.
You strike the helpless centaur from behind!
You puncture the centaur!
The centaur is almost dead.
The centaur closely misses you.
You hit the centaur but do no damage.
The centaur is almost dead.
The centaur is pulled toward you!
You hit the centaur but do no damage.
The centaur is almost dead.
The centaur is pulled toward you!
You barely miss the centaur.
The centaur is almost dead.
You barely miss the centaur.
The centaur is almost dead.
You hit the centaur.
The centaur is almost dead.
The centaur is pulled toward you!
You hit the centaur.
The centaur is almost dead.
The centaur hits you.
You die...

##.####
###.....##
#........##
#.........##
#..........##
#...........#
##...........##
#.##...(......#
##.###..c@...###
##.## #####.###
#..# ## ##.##
#..# ### ##.##
##.## ### #..#
###..<# P⌠P##.##
#.....######
...#..# ###
#......##..#


You could see a centaur (confused).

Vanquished Creatures
  An ogre (D:4)
  A centaur (D:5)
  A hound (D:3)
  A jelly (D:5)
  A centaur skeleton (D:4)
  Terence (D:3)
  2 worker ants (D:4)
  A hound zombie (D:5)
  4 gnolls
  A howler monkey skeleton (D:5)
  5 adders
  An ooze (D:2)
  3 worms
  3 leopard geckos
  10 orcs
  3 giant cockroaches
  5 goblins
  5 hobgoblins
  13 jackals
  5 quokkas
  A ball python (D:4)
  A ball python zombie (D:5)
  6 bats
  2 frilled lizards
  8 kobolds
  A quokka zombie (D:5)
  2 rats (D:1)
88 creatures vanquished.

Vanquished Creatures (others)
  18 plants
  2 withered plants (D:6)
20 creatures vanquished.

Grand Total: 108 creatures vanquished

Notes
Turn   | Place    | Note
-------+----------+-------------------------------------------
     0 | D:1      | sleeves the Spriggan Hedge Wizard began the quest for the
                  | Orb.
     0 | D:1      | Reached XP level 1. HP: 9/9 MP: 6/6
    42 | D:1      | HP: 4/9 [leopard gecko (5)]
   525 | D:1      | Reached skill level 2 in Translocations
   612 | D:1      | HP: 2/9 [kobold/+0 short sword (5)]
   624 | D:1      | Reached XP level 2. HP: 4/13 MP: 1/8
  1019 | D:1      | Reached skill level 1 in Short Blades
  2300 | D:1      | Reached XP level 3. HP: 16/16 MP: 0/9
  2555 | D:2      | Reached skill level 4 in Stealth
  2727 | D:2      | Reached skill level 3 in Translocations
  2851 | D:1      | Learned a level 2 spell: Blink
  2855 | D:1      | Learned a level 3 spell: Mephitic Cloud
  3071 | D:2      | Found a shimmering altar of Xom.
  3411 | D:2      | Reached XP level 4. HP: 21/21 MP: 5/11
  3621 | D:2      | Reached skill level 2 in Short Blades
  3715 | D:2      | Found an iron altar of Okawaru.
  3720 | D:2      | Found a basalt altar of Yredelemnul.
  4332 | D:3      | Noticed Terence
  4347 | D:3      | Killed Terence
  4748 | D:3      | Reached skill level 1 in Air Magic
  5185 | D:3      | HP: 9/21 [hound (2)]
  5239 | D:3      | HP: 10/21 [hound (1)]
  5751 | D:4      | Found a shadowy altar of Dithmenos.
  5766 | D:4      | Reached XP level 5. HP: 24/24 MP: 4/13
  5847 | D:4      | Reached skill level 5 in Spellcasting
  5991 | D:4      | HP: 11/24 [gnoll/+0 halberd (8)]
  5998 | D:4      | Reached skill level 5 in Stealth
  6377 | D:4      | Reached skill level 1 in Evocations
  7210 | D:4      | Found a sparkling altar of Nemelex Xobeh.
  7219 | D:4      | HP: 11/24 [gnoll/stone (6)]
  7428 | D:4      | Reached XP level 6. HP: 28/28 MP: 1/14
  7598 | D:4      | Reached skill level 3 in Short Blades
  7598 | D:4      | Reached skill level 2 in Evocations
  7685 | D:4      | HP: 14/28 [poisoned by a worker ant]
  7690 | D:4      | HP: 10/28 [poisoned by a worker ant]
  7869 | D:4      | Found a bloodstained altar of Trog.
  8020 | D:4      | Found Jinobof's Jewellery Boutique.
  8232 | D:5      | Entered Level 5 of the Dungeon
  8474 | D:5      | Reached skill level 2 in Air Magic
  8621 | D:5      | Noticed Menkaure
  8842 | D:5      | Found a shimmering blue altar of Sif Muna.
  9414 | D:5      | Noticed Prince Ribbit
  9415 | D:5      | Found a staircase to the Ecumenical Temple.
  9539 | D:5      | HP: 13/28 [Prince Ribbit (15)]
  9991 | D:5      | HP: 6/28 [centaur/+0 war axe (12)]
  9994 | D:5      | Reached skill level 6 in Stealth
  9994 | D:5      | Reached skill level 3 in Evocations
  9994 | D:5      | Reached XP level 7. HP: 7/32 MP: 11/16
 10002 | Temple   | Entered the Ecumenical Temple
 10460 | D:6      | Found a runed translucent gate.
 10460 | D:6      | Found a runed translucent gate.
 10460 | D:6      | Found a runed translucent gate.
 10474 | D:6      | Noticed slughead422's ghost (novice GrFi)
 10474 | D:6      | Noticed axecop's ghost (novice NaDe)
 10509 | D:6      | HP: 11/32 [centaur/arrow (14)]
 10510 | D:6      | HP: 3/32 [centaur/arrow (8)]
 10522 | D:6      | Slain by a centaur

Illustrated notes

Levels and vault maps discovered:
D:1:      lightli_arrival_boilingwater, layout_basic, chequers_big_river
D:2:      layout_rooms, grunt_temple_overflow_open, marbit_many_paths
D:3:      layout_basic, serial_bayou, serial_bayou_lake_a, serial_bayou_ford_a,
          serial_bayou_shore_b, serial_bayou_lagoon_a, uniq_terence
D:4:      layout_rooms, lemuel_crystal_altar, overflow_temple_1_default,
          nicolae_dithmenos_the_darkroom, serial_shops, kennysheep_mini,
          wad_orctagon
D:5:      layout_rooms, general_overflow_altar, minmay_temple_entry_tees,
          uniq_menkaure, uniq_prince_ribbit1
D:6:      layout_cave_pods, nicolae_overflow_hidden_temple,
          gammafunk_ghost_cemetery, guppyfry_shop_venom
Temple:   pf_slimified_temple

Skill      XL: |  1  2  3  4  5  6 |
---------------+-------------------+-----
Translocations | 2 3 |  3.0
Short Blades   | 1 2 3 |  3.6
Stealth        | 4 5 6 |  6.1
Air Magic      | 1 2 |  2.3
Spellcasting   | 5 |  5.8
Evocations     | 1 3 |  3.1
Dodging        | |  3.0
Conjurations   | |  0.6
Summonings     | |  0.7

Action                   |  1- 3 |  4- 6 |  7- 9 || total
-------------------------+-------+-------+-------++-------
Melee: Dagger            |    28 |    88 |    18 ||   134
 Cast: Magic Dart        |   136 |   392 |     3 ||   531
       Mephitic Cloud    |       |     2 |     1 ||     3
  Use: Potion            |       |     1 |     1 ||     2
 Stab: Sleeping          |     1 |     1 |       ||     2
       Confused          |       |     2 |     1 ||     3
Armor: Robe              |     7 |    13 |     3 ||    23
Dodge: Dodged            |    44 |   209 |     6 ||   259
